 Dungeon Crawl Stone Soup version 0.21.1-1-g345015f (webtiles) character file.

15 tidbits the Grave Robber (level 2, 3/30 HPs)
             Began as a Gnoll Necromancer on June 17, 2018.
             Quit the game on level 3 of the Dungeon.
             The game lasted 00:01:21 (206 turns).

tidbits the Grave Robber (Gnoll Necromancer)         Turns: 206, Time: 00:01:22

Health: 3/30       AC: 21    Str: 15    XL:     2   Next: 50%
Magic:  3/7        EV:  2    Int: 17    God:
Gold:   19         SH:  0    Dex: 15    Spells: 9/10 levels left

rFire    . . .     SeeInvis .   (no weapon)
rCold    . . .     Gourm    .   (no shield)
rNeg     + + +     Faith    .   (armour currently unavailable)
rPois    +         Spirit   .   (helmet currently unavailable)
rElec    .         Reflect  .   (cloak currently unavailable)
rCorr    .         Harm     .   (gloves currently unavailable)
MR       .....     NoTele   +   (boots currently unavailable)
Stlth    +++.......             (no amulet)
HPRegen  0.10/turn              (no ring)
MPRegen  0.10/turn              (no ring)

@: mighty, tree-form
A: distributed training, strong nose
a: no special abilities


You were on level 3 of the Dungeon.
You were not hungry.
You were a tree.
You visited 1 branch of the dungeon, and saw 3 of its levels.

You collected 19 gold pieces.

Inventory:

Hand Weapons
 a - a +0 whip
Missiles
 i - 3 stones (quivered)
Armour
 h - a +0 robe (melded)
Scrolls
 d - a scroll of random uselessness {unknown}
 e - a scroll of identify {unknown}
Potions
 f - a potion of might
Books
 b - a book of Necromancy

   Spells                             Type                      Level
   a - Pain                           Necromancy                   1
   b - Animate Skeleton               Necromancy                   1
   c - Vampiric Draining              Necromancy                   3
   d - Regeneration                   Charms/Necromancy            3
   e - Animate Dead                   Necromancy                   4
   f - Borgnjor's Vile Clutch         Necromancy/Earth             5
Comestibles
 c - a ration


   Skills:
 + Level 0.4 Fighting
 + Level 0.4 Short Blades
 + Level 0.4 Long Blades
 + Level 0.4 Axes
 + Level 0.4 Maces & Flails
 + Level 0.4 Polearms
 + Level 0.4 Staves
 + Level 0.4 Slings
 + Level 0.4 Bows
 + Level 0.4 Crossbows
 + Level 0.4 Throwing
 + Level 0.4 Armour
 + Level 4.5 Dodging
 + Level 4.1 Stealth
 + Level 0.4 Shields
 + Level 0.4 Unarmed Combat
 + Level 4.9 Spellcasting
 + Level 0.2 Conjurations
 + Level 0.2 Hexes
 + Level 0.2 Charms
 + Level 0.2 Summonings
 + Level 7.0 Necromancy
 + Level 0.2 Translocations
 + Level 0.2 Transmutations
 + Level 0.2 Fire Magic
 + Level 0.2 Ice Magic
 + Level 0.2 Air Magic
 + Level 0.2 Earth Magic
 + Level 0.2 Poison Magic
 + Level 0.5 Invocations
 + Level 0.4 Evocations


You had 9 spell levels left.
You knew the following spells:

 Your Spells              Type           Power        Failure   Level  Hunger
a - Pain                  Necr           ####         1%          1    None


Dungeon Overview and Level Annotations

Branches:
Dungeon (3/15)

Altars:


Innate Abilities, Weirdness & Mutations

Your experience applies equally to all skills.
((You have very sharp teeth.))
Your uncanny sense of smell can sniff out nearby items.


Message History

The bat writhes in agony!
You kill the bat!
The kobold shouts!
You hear a shout!
Unknown command.
Casting: Pain
Confirm with . or Enter, or press ? or * to list all spells.
Aiming: Pain
Press: ? - help, Shift-Dir - straight line, f - kobold
Aim: a kobold (chance to defeat MR: 93%)
The kobold writhes in agony!
You kill the kobold!
A kobold opens the door.
Found a plate armour.
You see here 24 stones.
You see here 2 viscous ruby potions.
Unknown command.
f - 2 viscous ruby potions
Things that are here:
an inky potion; a kobold corpse
g - an inky potion
Casting: Pain
Confirm with . or Enter, or press ? or * to list all spells.
Aiming: Pain
Press: ? - help, Shift-Dir - straight line, f - rat
Aim: a rat (chance to defeat MR: 93%)
The rat writhes in agony!
You kill the rat!
You see here 10 gold pieces.
Unknown command.
Casting: Pain
Confirm with . or Enter, or press ? or * to list all spells.
Aiming: Pain
Press: ? - help, Shift-Dir - straight line, f - kobold
Aim: a kobold, wielding a whip (hasn't noticed you, chance to defeat MR: 93%)
The kobold shouts!
The kobold writhes in agony!
The kobold throws a stone.
The stone hits you.
* * * LOW HITPOINT WARNING * * *
Casting: Pain
Confirm with . or Enter, or press ? or * to list all spells.
Aiming: Pain
Press: ? - help, Shift-Dir - straight line, f/p - kobold
Aim: a kobold, wielding a whip (severely wounded, chance to defeat MR: 93%)
The kobold writhes in agony!
You kill the kobold!
You now have 19 gold pieces (gained 10).
Things that are here:
a whip; 4 stones; a kobold corpse
h - a whip;
i - 4 stones Wield which item (- for none, * to show all)? (? for menu, Esc to quit)
h - a +0 whip (weapon)
Adjust (i)tems, (s)pells, or (a)bilities?
Adjust which item? (? for menu, Esc to quit)
h - a +0 whip (weapon)
Adjust to which letter? (? for menu, Esc to quit)
a - a +0 whip (weapon);
h - a +0 robe (worn)
You see here a kobold corpse.
You open the door.
Found a stone staircase leading down.
There is an open door here.
Unknown command.
An adder and a goblin come into view.
The goblin moves out of view.
Found a robe and a runed fluorescent wand.
Casting: Pain
Confirm with . or Enter, or press ? or * to list all spells.
Aiming: Pain
Press: ? - help, Shift-Dir - straight line, f - adder
Aim: an adder (resting, chance to defeat MR: 89%)
The adder hisses angrily.
The adder writhes in agony!
Casting: Pain
Confirm with . or Enter, or press ? or * to list all spells.
Aiming: Pain
Press: ? - help, Shift-Dir - straight line, f/p - adder
Aim: an adder (severely wounded, chance to defeat MR: 89%)
The adder writhes in agony!
You kill the adder!
You have reached level 2!
The goblin wields a hunting sling.
The goblin shoots a stone.
The stone hits you.
* * * LOW HITPOINT WARNING * * *
It was a potion of might.
You feel very mighty all of a sudden.
It was a potion of lignification.
You turn into a tree.
Your +0 robe melds into your body.
Your roots penetrate the ground.
Wield which item (- for none, * to show all)? (? for menu, Esc to quit)
You are now empty-handed.
What are your orders? t - Creak!
Orders for allies: a - Attack new target. r - Retreat! s - Stop attacking. g - Guard the area. f - Follow me.
Anything else - Cancel.
You creak for attention!
You hear a shout!
Throwing (i - inventory):
i - 4 stones (quivered)
Press: ? - help, Shift-Dir - straight line, f - goblin
Aim: a goblin, wielding a hunting sling You throw a stone.
The stone barely misses the goblin.
The goblin shoots a stone.
The stone barely misses you.
Are you sure you want to abandon this character and quit the game? (Confirm with "yes".)

#.#. #. #.#. #. #.#<
#. #.#. #. #+#
#########[#. #. #.#
#.........#. #. #.#
#.........##
#(##.###...........
#>♣....'........(.. ∆
#.##g###........†## #.
#(# #....†..†.##
..g.......+..........#
.......####..........#
....... #######.....
../.... #.....
........ #.....
....... #.....


You could see a goblin.

Vanquished Creatures
  An adder (D:3)
  A giant cockroach (D:1)
  2 bats
  2 kobolds (D:3)
  A rat (D:3)
7 creatures vanquished.

Notes
Turn   | Place    | Note
-------+----------+-------------------------------------------
     0 | D:1      | tidbits the Gnoll Necromancer began the quest for the Orb.
     0 | D:1      | Reached XP level 1. HP: 13/13 MP: 6/6
   197 | D:3      | Reached XP level 2. HP: 9/20 MP: 3/7
   197 | D:3      | HP: 2/20 [goblin/stone (6)]
   206 | D:3      | Quit the game

Action                   || total
-------------------------++-------
Throw: Stone             ||     1
 Cast: Pain              ||    10
  Use: Potion            ||     2
Dodge: Dodged            ||     1

Table legend:
 A = Turns spent in this place as a percentage of turns spent in the entire game.
 B = Non-inter-level travel turns spent in this place as a percentage of non-inter-level travel turns spent in the entire game.
 C = Inter-level travel turns spent in this place as a percentage of turns spent in this place.
 D = Turns resting spent in this place as a percentage of non-inter-level travel turns spent in this place.
 E = Turns spent auto-exploring this place as a percentage of non-inter-level travel turns spent in this place.
 F = Non-inter-level travel turns spent in this place divided by the number of levels of this place that you've seen.
                   A       B       C       D       E      F
               +-------+-------+-------+-------+-------+----------------------
         Total | 100.0 | 100.0 |   0.0 |   0.0 |   0.0 |  68.7
       Dungeon | 100.0 | 100.0 |   0.0 |   0.0 |   0.0 |  68.7
               +-------+-------+-------+-------+-------+----------------------

Table legend:
 A = Kills in this place as a percentage of kills in entire the game.
 B = Kills by you in this place as a percentage of kills by you in the entire game.
 C = Kills by friends in this place as a percentage of kills by friends in the entire game.
 D = Other kills in this place as a percentage of other kills in the entire game.
 E = Experience gained in this place as a percentage of experience gained in the entire game.
 F = Experience gained in this place divided by the number of levels of this place that you have seen.
                   A       B       C       D       E      F
               +-------+-------+-------+-------+-------+----------------------
         Total | 100.0 | 100.0 |   N/A |   N/A | 100.0 |   7.3
       Dungeon | 100.0 | 100.0 |   N/A |   N/A | 100.0 |   7.3
               +-------+-------+-------+-------+-------+----------------------

Vault maps used:
D:1:      dpeg_arrival_shrine
D:2:      nicolae_overflow_hidden_temple, kennysheep_minor_cross,
          minmay_misc_feat_more_columns, trog_three_pillars_becter
D:3:      marbit_many_paths, trog_eyes_of_draining
